Map: Ulrena

Players

capac - Winner!

  • Race: Terran Terran
  • League: Gold

A.I. 1 (Elite)

  • Race: Protoss Protoss

VOD

Have the link to the VOD?

Description

Time

  • Played on: April 2, 2016, 4:39 a.m.
  • Length: 9:57
Show
View Real Time Build Order
Export as new Build Order

capac Terran - Winner!

Build Orders: Reaper Expand, MMM Bio 

Get SALT Encoding   

  12  0:01  SCV  
  13  0:13  SCV  
  14  0:18  Supply Depot  
  14  0:25  SCV  
  15  0:40  Barracks, SCV  
  16  0:45  Refinery  
  16  0:52  SCV  
  17  1:04  SCV  
  18  1:16  SCV  
  19  1:30  Reaper  
  20  1:32  Orbital Command  
  20  1:42  Command Center  
  20  1:52  Supply Depot  
  20  2:00  SCV  
  21  2:07  Marine  
  22  2:15  Factory  
  22  2:29  SCV  
  23  2:31  Barracks Reactor  
  23  2:45  Refinery  
  23  2:46  Barracks  
  23  2:52  SCV  
  24  2:58  Bunker  
  24  3:00  SCV  
  24  3:02  Factory Tech Lab  
  25  3:07  SCV  
  25  3:11  Starport  
  26  3:13  Marine x2  
  26  3:19  Orbital Command  
  28  3:26  SCV  
  29  3:34  Marine x2  
  29  3:36  Barracks Tech Lab  
  29  3:38  SCV  
  32  3:45  Refinery, SCV  
  33  3:50  SCV  
  33  3:54  Marine x2  
  36  3:56  Siege Tank  
  36  3:59  Medivac  
  41  4:04  Marine  
  41  4:08  SCV  
  41  4:09  SCV  
  44  4:13  Marine x2  
  46  4:20  Stimpack  
  46  4:26  Supply Depot  
  46  4:34  Supply Depot, Starport Reactor  
  46  4:45  Refinery  
  46  4:47  Marine x3  
  46  4:48  SCV x2  
  51  4:55  Barracks  
  51  5:00  SCV x2  
  51  5:05  Marine x2  
  51  5:06  Marine  
  56  5:12  Siege Tank  
  56  5:13  Medivac  
  61  5:16  Supply Depot  
  61  5:23  SCV  
  61  5:24  Marine, SCV  
  61  5:25  Marine x2  
  66  5:31  Medivac  
  68  5:37  SCV  
  68  5:38  SCV  
  68  5:42  Marine x2  
  70  5:43  Marine  
  70  5:44  Barracks Reactor  
  73  5:50  Barracks  
  73  5:51  SCV x2  
  73  5:56  Medivac  
  77  6:00  Marine  
  78  6:18  Marine x2  
  78  6:19  Supply Depot, Siege Tank, Medivac  
  78  6:21  Supply Depot  
  85  6:37  Marine  
  86  6:40  Marine x2  
  86  6:41  Barracks Reactor, Combat Shields  
  86  6:45  SCV x2  
  90  6:48  Starport  
  90  6:52  Supply Depot  
  90  6:53  Supply Depot  
  90  6:55  Marine  
  90  6:59  Liberator x2  
  79  7:13  Marine x3  
  79  7:14  Siege Tank  
  91  7:28  Marine x2  
  91  7:29  Marine  
  95  7:31  Marauder  
  92  7:40  Marine  
  92  7:41  Marine x2  
  92  7:44  Starport Reactor  
  95  7:46  Supply Depot x2, Siege Tank  
  95  7:47  Supply Depot  
  95  7:49  Liberator x2  
  98  7:52  Marine x3  
  101  8:08  Liberator x2  
  107  8:26  Marine x4  
  117  8:27  Marauder, Marine x2  
  113  8:44  Marine x4  
  113  8:46  Marine x2  
  113  8:48  Marine  
  116  9:01  Marine  
  116  9:27  Marine x4  
  116  9:28  Marauder, Marine  
Show
View Real Time Build Order
Export as new Build Order

A.I. 1 (Elite) Protoss 

Build Orders: Mass Adepts, Zealot Archon 

Get SALT Encoding   

  12  0:01  Probe (Chrono Boost)  
  13  0:11  Probe (Chrono Boost)  
  14  0:20  Pylon  
  14  0:22  Probe (Chrono Boost)  
  15  0:38  Probe (Chrono Boost)  
  16  0:47  Assimilator  
  16  0:49  Probe (Chrono Boost)  
  17  0:51  Gateway  
  17  0:59  Probe (Chrono Boost)  
  17  1:00  Pylon  
  18  1:10  Probe (Chrono Boost)  
  19  1:20  Probe (Chrono Boost)  
  20  1:31  Probe (Chrono Boost)  
  21  1:37  Zealot  
  21  1:38  Gateway  
  23  1:42  Cybernetics Core, Probe (Chrono Boost)  
  24  1:50  Pylon  
  24  1:54  Probe (Chrono Boost)  
  25  2:03  Zealot  
  25  2:05  Probe (Chrono Boost)  
  27  2:16  Probe (Chrono Boost), Warp Gate  
  28  2:24  Adept  
  28  2:28  Probe (Chrono Boost), Adept  
  32  2:39  Gateway  
  32  2:40  Probe (Chrono Boost)  
  33  2:47  Gateway  
  33  2:50  Adept  
  33  2:56  Adept  
  37  3:07  Pylon  
  37  3:08  Probe (Chrono Boost)  
  38  3:24  Adept x2  
  38  3:25  Adept  
  44  3:33  Adept  
  46  3:39  Probe (Chrono Boost), Pylon  
  47  3:56  Adept x2  
  47  3:57  Stalker  
  47  4:01  Stalker  
  53  4:09  Pylon  
  55  4:13  Assimilator  
  55  4:30  Stalker  
  57  4:31  Stalker  
  57  4:35  Zealot  
  61  4:39  Zealot  
  63  4:48  Pylon  
  63  4:57  Robotics Facility  
  63  5:05  Adept  
  65  5:07  Adept  
  65  5:13  Adept  
  69  5:19  Adept  
  71  5:28  Pylon  
  71  5:33  Pylon  
  71  5:46  Sentry  
  71  5:47  Twilight Council  
  73  6:27  Templar Archives  
  73  6:32  Nexus, Forge  
  73  6:55  Zealot  
  68  7:01  Pylon  
  68  7:05  Zealot  
  68  7:06  High Templar  
  57  7:24  Zealot x2, Stalker  
  63  7:38  High Templar  
  63  7:43  Zealot  
  67  7:46  Probe x2 (Chrono Boost)  
  69  7:54  Archon, Sentry  
  69  7:57  Probe (Chrono Boost), Assimilator  
  73  7:59  Probe (Chrono Boost)  
  73  8:08  Probe (Chrono Boost)  
  73  8:10  Probe (Chrono Boost)  
  75  8:19  Probe (Chrono Boost)  
  76  8:21  Probe (Chrono Boost), High Templar  
  76  8:23  Assimilator  
  79  8:30  Probe (Chrono Boost)  
  79  8:32  Probe (Chrono Boost)  
  79  8:40  High Templar  
  79  8:41  Probe (Chrono Boost), Zealot  
  68  8:43  Probe (Chrono Boost), Zealot  
  47  8:51  Stalker  
  45  9:00  Adept  
  41  9:02  Stalker  
  16  9:40  Templar Archives  
  16  9:43  Pylon  
Tags
 
Add a new tag
Caveats
  • Supply blocks, unpowered buildings, or Contaminate may cause inaccurate times.
  • Supply counts are checked every 10 seconds.